Map: Galactic Process LE

Players

Gracz

  • Race: Terran Terran
  • League: Silver

AmA - Winner!

  • Race: Terran Terran
  • League: Master

VOD

Have the link to the VOD?

Description

Time

  • Played on: Oct. 8, 2016, 2:59 p.m.
  • Length: 4:00
Show
View Real Time Build Order
Export as new Build Order

Gracz Terran 

Build Orders:  

Get SALT Encoding   

  12  0:06  SCV  
  13  0:18  SCV  
  14  0:26  Supply Depot  
  14  0:31  Supply Depot  
  14  0:41  Refinery, SCV  
  15  0:53  Barracks  
  15  1:09  Barracks  
  15  1:13  Refinery  
  15  1:27  SCV  
  17  1:40  SCV  
  17  1:44  Reaper  
  18  1:57  SCV  
  18  1:59  Reaper  
  20  2:13  Orbital Command  
  20  2:16  Reaper  
  20  2:21  Factory  
  21  2:42  Reaper  
  22  2:55  SCV  
  23  2:59  Reaper  
  24  3:08  SCV  
  25  3:14  Reaper  
  23  3:30  Command Center  
  24  3:45  Starport  
Show
View Real Time Build Order
Export as new Build Order

AmA Terran - Winner!

Build Orders:  

Get SALT Encoding   

  12  0:01  SCV  
  13  0:13  SCV  
  14  0:18  Supply Depot  
  14  0:26  SCV  
  15  0:28  Refinery  
  15  0:40  SCV  
  16  0:46  Barracks  
  16  0:52  SCV  
  17  1:04  SCV  
  17  1:07  Barracks  
  18  1:16  SCV  
  19  1:32  Orbital Command  
  19  1:34  Reaper  
  19  1:39  Barracks  
  20  1:51  Barracks  
  20  1:56  Reaper  
  22  2:05  Refinery  
  21  2:08  Supply Depot  
  21  2:10  Reaper  
  22  2:27  Reaper  
  23  2:30  Reaper  
  24  2:41  Reaper  
  24  2:45  Reaper  
  24  2:47  Supply Depot  
  24  2:50  SCV  
  26  2:51  Supply Depot  
  26  2:59  Reaper  
  26  3:02  SCV  
  26  3:04  Reaper  
  29  3:14  SCV  
  30  3:20  Reaper  
  30  3:22  Reaper  
  32  3:29  SCV  
Tags
 
Add a new tag
Caveats
  • Supply blocks, unpowered buildings, or Contaminate may cause inaccurate times.
  • Supply counts are checked every 10 seconds.